Map: Newkirk Precinct TE (Void)

Players

Railgan - Winner!

  • Race: Zerg Zerg
  • League: Grandmaster
  • Spawn Location: 7:00

Tocon

  • Race: Terran Terran
  • League: Master
  • Spawn Location: 5:00

VOD

Have the link to the VOD?

Description

Time

  • Played on: March 11, 2017, 6:19 p.m.
  • Length: 10:13
Show
View Real Time Build Order
Export as new Build Order

Railgan Zerg - Winner!

Build Orders: Pool First, Lurkers 

Get SALT Encoding   

  12  0:02  Drone  
  13  0:13  Overlord  
  13  0:18  Drone  
  14  0:31  Drone x2  
  14  0:34  Drone  
  17  0:46  Spawning Pool  
  16  0:50  Drone  
  16  0:56  Drone  
  18  1:14  Hatchery  
  18  1:15  Extractor  
  16  1:19  Drone  
  16  1:22  Drone  
  18  1:29  Drone  
  19  1:37  Queen  
  21  1:40  Zergling x2  
  22  1:50  Overlord  
  22  2:09  Drone  
  22  2:11  Drone  
  22  2:13  Queen  
  26  2:20  Metabolic Boost  
  26  2:25  Drone  
  26  2:26  Drone, Queen  
  30  2:32  Drone  
  31  2:46  Drone  
  31  2:47  Drone x3  
  35  2:52  Overlord  
  35  2:53  Drone  
  36  3:04  Evolution Chamber  
  35  3:12  Drone x4  
  39  3:21  Zergling x4  
  39  3:22  Zergling x2  
  39  3:23  Drone  
  39  3:24  Drone  
  44  3:30  Zerg Ground Armor Level 1  
  44  3:32  Overlord  
  44  3:42  Extractor, Spine Crawler, Drone x2  
  44  3:53  Zergling x4  
  44  3:54  Drone  
  44  3:55  Drone  
  48  3:57  Extractor, Drone x4  
  48  4:00  Lair  
  51  4:06  Overlord  
  51  4:11  Extractor  
  51  4:16  Zergling x4  
  52  4:17  Overlord  
  52  4:19  Overlord  
  52  4:21  Overlord  
  52  4:26  Zergling x2  
  52  4:27  Drone x2  
  52  4:28  Drone  
  54  4:39  Drone x3  
  54  4:42  Drone  
  54  4:45  Drone x3  
  59  5:02  Hydralisk Den, Zergling x2  
  59  5:03  Zergling x4  
  59  5:06  Evolution Chamber  
  60  5:07  Zergling x2  
  61  5:14  Hatchery  
  59  5:32  Hydralisk x4, Muscular Augments  
  59  5:34  Drone x3  
  70  5:36  Zerg Ground Armor Level 2  
  70  5:41  Zerg Missile Weapons Level 1  
  70  5:43  Overlord  
  70  5:48  Overlord  
  70  5:50  Overlord  
  66  5:59  Hydralisk x2  
  66  6:01  Extractor  
  69  6:04  Extractor, Hydralisk  
  69  6:05  Hydralisk  
  69  6:08  Drone  
  73  6:12  Pneumatized Carapace  
  73  6:13  Overseer  
  73  6:20  Hydralisk x3  
  73  6:25  Hydralisk  
  81  6:34  Drone  
  81  6:35  Drone x6  
  81  6:39  Queen  
  90  6:48  Drone  
  90  6:50  Drone x3  
  90  6:52  Lurker Den  
  90  6:53  Overlord  
  94  6:57  Drone  
  94  6:58  Drone x2  
  94  6:59  Overlord  
  97  7:03  Overlord  
  97  7:12  Hydralisk x2  
  97  7:13  Drone x4  
  105  7:29  Drone x4  
  106  7:30  Drone  
  106  7:32  Drone x4  
  107  7:38  Zerg Missile Weapons Level 2  
  107  7:40  Hydralisk x2  
  107  7:41  Drone x3  
  114  7:44  Overlord  
  113  8:09  Hydralisk x2  
  113  8:10  Zergling x2  
  113  8:11  Overlord, Zergling x8  
  122  8:15  Hydralisk  
  122  8:16  Hydralisk  
  126  8:29  Lurker x6  
  126  8:30  Lurker  
  126  8:31  Overlord, Zergling x6  
  126  8:33  Overlord  
  136  8:47  Hatchery  
  135  8:53  Hatchery  
  134  9:00  Hydralisk x4  
  142  9:03  Hydralisk  
  142  9:08  Hydralisk  
  142  9:09  Hydralisk  
  148  9:10  Hydralisk, Overlord  
  150  9:17  Hydralisk  
  150  9:18  Hydralisk x2  
  147  9:28  Extractor  
  147  9:30  Hydralisk x2  
  147  9:32  Hydralisk  
  147  9:33  Hydralisk x6  
  161  9:47  Hydralisk  
  161  9:48  Hydralisk  
Show
View Real Time Build Order
Export as new Build Order

Tocon Terran 

Build Orders: Reaper Expand, MMM Bio 

Get SALT Encoding   

  12  0:01  SCV  
  13  0:13  SCV  
  14  0:20  Supply Depot  
  14  0:25  SCV  
  15  0:30  Refinery  
  15  0:41  SCV  
  16  0:47  Barracks  
  16  0:53  SCV  
  17  1:05  SCV  
  18  1:18  SCV  
  19  1:34  Reaper, Orbital Command  
  20  1:49  Command Center  
  20  2:00  Factory  
  20  2:05  SCV  
  21  2:08  Barracks Reactor  
  21  2:17  Supply Depot  
  21  2:18  SCV  
  22  2:24  Refinery  
  22  2:30  SCV  
  23  2:52  Barracks Tech Lab  
  23  2:53  Starport  
  23  2:56  SCV  
  24  2:59  Hellion x2  
  29  3:06  Orbital Command  
  29  3:11  SCV  
  28  3:23  Hellion, SCV  
  28  3:25  Barracks Tech Lab  
  31  3:29  Hellion  
  31  3:32  SCV  
  34  3:37  Raven  
  36  3:42  SCV  
  36  3:44  SCV  
  38  3:53  Supply Depot  
  38  3:54  SCV  
  39  3:56  SCV  
  39  3:59  Marine  
  39  4:00  Stimpack  
  39  4:01  Hellion  
  43  4:05  Hellion  
  43  4:07  SCV  
  46  4:15  SCV  
  47  4:17  Supply Depot  
  47  4:31  Starport Reactor  
  47  4:32  Hellion x2  
  49  4:43  SCV  
  48  4:47  SCV  
  49  4:53  Barracks  
  49  4:55  Barracks  
  49  4:56  Supply Depot, SCV  
  49  4:59  Marine, SCV  
  52  5:05  Refinery  
  52  5:12  Viking  
  52  5:13  SCV  
  52  5:14  SCV  
  56  5:16  Widow Mine  
  58  5:25  Marine, SCV  
  60  5:29  Supply Depot, SCV  
  61  5:38  Command Center  
  61  5:43  Barracks Reactor  
  61  5:54  SCV  
  61  5:55  SCV  
  63  6:00  Marine  
  63  6:01  Marine  
  65  6:05  Engineering Bay  
  65  6:06  Engineering Bay, SCV  
  65  6:08  Barracks x2  
  65  6:10  SCV  
  67  6:12  Refinery  
  67  6:15  Bunker  
  67  6:17  Combat Shields  
  67  6:25  Marine  
  67  6:26  Marine x2  
  64  6:37  SCV x2  
  64  6:45  Marine x3  
  69  6:50  Orbital Command  
  63  6:55  SCV  
  63  6:56  Terran Infantry Armor Level 1, Terran Infantry Weapons Level 1  
  63  6:57  Barracks Reactor, Factory  
  63  6:59  Barracks Reactor  
  64  7:03  SCV  
  64  7:07  SCV  
  66  7:15  Marine x2, SCV  
  67  7:16  Marine x2  
  67  7:17  Siege Tank  
  67  7:20  Orbital Command  
  67  7:22  Medivac x2  
  78  7:33  Marine  
  78  7:36  Marine  
  78  7:37  Marine x3  
  80  7:43  Marine x3  
  80  7:44  Marine  
  87  7:45  Factory Tech Lab, Armory  
  87  7:46  SCV x2  
  87  7:47  SCV  
  90  7:51  Supply Depot x2  
  90  7:53  Siege Tank  
  93  8:05  Supply Depot  
  93  8:10  Supply Depot  
  93  8:13  Marine x7, SCV x3  
  93  8:14  Supply Depot  
  93  8:15  Supply Depot  
  93  8:16  Liberator  
  103  8:25  SCV x3  
  106  8:32  Siege Tank x2  
  106  8:33  Starport  
  115  8:37  SCV x2  
  115  8:39  SCV  
  118  8:47  Supply Depot  
  118  8:48  Supply Depot  
  118  8:53  SCV  
  119  8:57  SCV x2  
  119  9:00  Refinery  
  121  9:07  Marine x4  
  121  9:08  Siege Tank  
  128  9:10  Siege Tank  
  121  9:24  SCV  
  120  9:31  Starport Tech Lab  
Tags
 
Add a new tag
Caveats
  • Supply blocks, unpowered buildings, or Contaminate may cause inaccurate times.
  • Supply counts are checked every 10 seconds.